 Dungeon Crawl Stone Soup version 0.24.0-123-gd5b16e6ec5 (webtiles) character file.

Game seed: 15937805931083559613, levelgen mode: deterministic

8758 Hybris the Basher (level 11, -7/138 HPs)
             Began as a Demonspawn Berserker on Jan 10, 2020.
             Was a High Priest of Trog.
             Mangled by a black mamba (13 damage)
             ... on level 1 of the Snake Pit on Jan 18, 2020.
             The game lasted 00:37:43 (11628 turns).

Hybris the Basher (Demonspawn Berserker)           Turns: 11628, Time: 00:37:44

Health: -7/138     AC:  4    Str: 27    XL:     11   Next: 14%
Magic:  11/11      EV:  6    Int:  8    God:    Trog [*****.]
Gold:   570        SH:  9    Dex: 18    Spells: 10/10 levels left

rFire    . . .     SeeInvis .   r - +7 sceptre of Torment {pain, torment}
rCold    . . .     Gourm    .   p - +0 shield
rNeg     . . .     Faith    .   C - +1 robe of Negligence {*Slow rElec Slay+2}
rPois    +         Spirit   .   (helmet restricted)
rElec    +         Reflect  .   b - +0 cloak
rCorr    .         Harm     .   (no gloves)
MR       ++...                  (no boots)
Stlth    ..........             (no amulet)
HPRegen  1.33/turn              f - ring of poison resistance
MPRegen  0.12/turn              A - +6 ring of dexterity

@: mighty, berserking, lethally poisoned (-7 -> -13), starving, regenerating,
constricted, very quick
A: claws 1, horns 2, nightstalker 2, powered by pain 3
a: Berserk, Trog's Hand, Brothers in Arms, Renounce Religion


You were on level 1 of the Snake Pit.
You worshipped Trog.
Trog was extremely pleased with you.
You were starving.

You visited 3 branches of the dungeon, and saw 11 of its levels.
You also visited: Bailey.

You collected 570 gold pieces.

Inventory:

Hand Weapons
 r - the +7 sceptre of Torment (weapon) {pain, torment}
   (You found it on level 4 of the Dungeon)

   In the hands of one skilled in necromantic magic, it inflicts extra damage on
   living creatures.
Armour
 b - a +0 cloak (worn)
 o - a +1 scale mail of cold resistance
 p - a +0 shield (worn)
 w - a +2 chain mail of fire resistance
 C - the +1 robe of Negligence (worn) {*Slow rElec Slay+2}
   (You found it on level 6 of the Dungeon)

   It affects your accuracy and damage with ranged weapons and melee attacks
   (+2).
   It insulates you from electricity.
   It may slow you when you take damage.
Jewellery
 f - a ring of poison resistance (left claw)
 q - an uncursed amulet of harm
 y - an uncursed ring of protection from magic
 A - a +6 ring of dexterity (right claw)
Wands
 s - a wand of random effects (19)
 u - a wand of flame (15)
 v - a wand of acid (24)
 x - a wand of digging (10)
Scrolls
 g - 3 scrolls of teleportation
 h - 2 scrolls of enchant armour
 t - 5 scrolls of identify
 B - 4 scrolls of magic mapping
 F - a scroll of blinking
 G - a scroll of remove curse
 K - a scroll of acquirement {unknown}
Potions
 a - 2 potions of cancellation {unknown}
 d - a potion of ambrosia {unknown}
 e - a potion of resistance {unknown}
 i - a potion of brilliance {unknown}
 j - a potion of flight {unknown}
 k - 5 potions of heal wounds
 l - 5 potions of curing
 m - 2 potions of degeneration {unknown}
 n - 4 potions of invisibility
 z - a potion of haste
 E - a potion of berserk rage {unknown}
 H - 2 potions of magic {unknown}
 I - 7 potions of mutation {unknown}
 L - a potion of might {unknown}
Comestibles
 c - 10 rations
 D - 2 chunks of flesh


   Skills:
 + Level 10.5 Fighting
 * Level 12.9 Maces & Flails
 - Level 1.7 Armour
 - Level 1.7 Dodging


You had 10 spell levels left.
You didn't know any spells.
Your spell library was empty.

Dungeon Overview and Level Annotations

Branches:
Dungeon (8/15)             Temple (0/1) D:7            Lair (2/6) D:8
  Snake (1/4) Lair:2       Bailey (visited)
  Swamp: Lair:2-4    Shoals: Lair:2-4

Altars:
Fedhas
Gozag
Kikubaaqudgha
Makhleb
Nemelex Xobeh
Okawaru
Xom

Shops:
D:4 :   D:8 }

Annotations:
D:3 1 exclusion
D:6 1 runed translucent door


Innate Abilities, Weirdness & Mutations

You have sharp fingernails.
You have a pair of horns on your head.
You are significantly more attuned to the shadows.
You are powered by pain.


Message History

Trog appreciates your killing of a magic user.
You feel sick. The black mamba bites you!
You are more poisoned.
The black mamba poisons you! The naga spits poison at you.
The splash of poison hits you but does no damage.
You are more poisoned.
You resist. The naga constricts you.
You are starving!
You closely miss the black mamba.
You feel sick. The black mamba bites you.
* * * LOW HITPOINT WARNING * * *
The black mamba bites you!
* * * LOW HITPOINT WARNING * * *
You block the black mamba's attack. The black mamba bites you!
* * * LOW HITPOINT WARNING * * *
You barely miss the naga. Your headbutt misses the naga.
You feel sick. The naga barely misses you.
* * * LOW HITPOINT WARNING * * *
The naga constricts you. The black mamba bites you!
You die...

# ### ..#..
.....
....N######
....†@SS§..
$.####S....
..... #####


You could see 3 black mambas and a naga.

Vanquished Creatures
  A hydra (Lair:1)
  A naga ritualist (Snake:1)
  Joseph (D:7)
  A spiny frog (Lair:1)
  3 black mambas
  3 hippogriffs
  A yak (D:8)
  6 water moccasins
  4 porcupines (Lair:1)
  A black bear (D:8)
  2 phantoms (D:4)
  An ogre (D:4)
  A centaur (D:5)
  A necrophage (D:7)
  10 crocodiles
  A big kobold (D:8)
  7 bullfrogs
  Blork the orc (D:5)
  A water moccasin zombie (D:6)
  A scorpion (D:8)
  A howler monkey (D:8)
  A crimson imp (D:8)
  A bullfrog zombie (D:8)
  4 hounds
  2 jellies (D:5)
  2 centaur skeletons (D:8)
  4 orc priests
  Terence (D:3)
  An iguana (D:5)
  11 worker ants
  Natasha (thrice) (D:4)
  8 orc wizards
  A killer bee zombie (D:7)
  A hound skeleton (D:6)
  A hound zombie (D:8)
  11 gnolls
  A worker ant zombie (D:5)
  10 adders
  5 shadow imps
  An ooze (D:1)
  An adder skeleton (D:5)
  An adder zombie (D:8)
  7 worms
  5 leopard geckos
  35 orcs
  4 ball pythons
  7 bats
  10 giant cockroaches
  12 goblins
  20 hobgoblins
  11 jackals
  17 kobolds
  6 quokkas
  7 frilled lizards
  A jackal skeleton (D:4)
  3 leopard gecko skeletons
  A quokka skeleton (D:6)
  8 rats
  A butterfly (D:6)
275 creatures vanquished.

Vanquished Creatures (collateral kills)
  An anaconda (Snake:1)
  An orc knight (Bailey)
  2 black mambas
  5 gnolls (Bailey)
  A hobgoblin (Bailey)
  2 kobolds (Bailey)
12 creatures vanquished.

Vanquished Creatures (others)
  A fungus (Lair:2)
1 creature vanquished.

Grand Total: 288 creatures vanquished

Notes
Turn   | Place    | Note
-------+----------+-------------------------------------------
     0 | D:1      | Hybris the Demonspawn Berserker began the quest for the
                  | Orb.
     0 | D:1      | Reached XP level 1. HP: 18/18 MP: 1/1
    33 | D:1      | Reached skill level 3 in Maces & Flails
   385 | D:1      | Gained mutation: You are slightly more attuned to the
                  | shadows. [demonic ancestry]
   385 | D:1      | Reached XP level 2. HP: 19/24 MP: 2/2
   660 | D:1      | HP: 1/24 [bat (1)]
   666 | D:1      | HP: 1/24 [bat (1)]
  1351 | D:1      | Gained mutation: You are significantly more attuned to the
                  | shadows. [demonic ancestry]
  1351 | D:1      | Reached XP level 3. HP: 26/29 MP: 3/3
  1772 | D:2      | Found a shimmering altar of Xom.
  1807 | D:2      | Reached ** piety under Trog
  2023 | D:2      | Reached skill level 4 in Maces & Flails
  2150 | D:2      | Gained mutation: You have a pair of small horns on your
                  | head. [demonic ancestry]
  2150 | D:2      | Reached XP level 4. HP: 37/37 MP: 4/4
  2682 | D:3      | Noticed Terence
  2688 | D:3      | Killed Terence
  3018 | D:3      | Gained mutation: You sometimes gain a little power by
                  | taking damage. [demonic ancestry]
  3018 | D:3      | Reached XP level 5. HP: 32/42 MP: 5/5
  3211 | D:3      | Found a blossoming altar of Fedhas.
  3628 | D:4      | Reached skill level 5 in Maces & Flails
  3712 | D:4      | Reached *** piety under Trog
  3720 | D:4      | Noticed an ogre
  3724 | D:4      | Killed an ogre
  3724 | D:4      | Gained mutation: You have sharp fingernails. [demonic
                  | ancestry]
  3724 | D:4      | Reached XP level 6. HP: 26/49 MP: 6/6
  3768 | D:4      | Noticed Natasha
  3778 | D:4      | Killed Natasha
  3878 | D:4      | Found Xyilyd's Book Shop.
  4024 | D:4      | Reached skill level 5 in Fighting
  4024 | D:4      | Reached skill level 6 in Maces & Flails
  4094 | D:4      | Noticed Natasha
  4101 | D:4      | Killed Natasha
  4143 | D:4      | Noticed Natasha
  4149 | D:4      | Killed Natasha
  4149 | D:4      | Gained mutation: You sometimes gain power by taking damage.
                  | [demonic ancestry]
  4149 | D:4      | Reached XP level 7. HP: 50/56 MP: 7/7
  4221 | D:4      | Found the +7 sceptre of Torment {pain, torment}
  4650 | D:4      | Found an ancient bone altar of Kikubaaqudgha.
  4695 | D:5      | Entered Level 5 of the Dungeon
  5052 | D:5      | Noticed Blork the orc
  5056 | D:5      | Killed Blork the orc
  5062 | D:5      | Reached skill level 7 in Maces & Flails
  5205 | D:5      | Gained mutation: You are powered by pain. [demonic
                  | ancestry]
  5205 | D:5      | Reached XP level 8. HP: 64/64 MP: 8/8
  5256 | D:5      | Found an opulent altar of Gozag.
  5379 | D:5      | Reached **** piety under Trog
  5718 | D:6      | Found a runed translucent door.
  5952 | D:6      | Reached skill level 8 in Maces & Flails
  6098 | D:6      | Found a glowing drain.
  6178 | D:6      | Got a brightly glowing robe
  6189 | D:6      | Identified the +1 robe of Negligence {*Slow rElec Slay+2}
                  | (You found it on level 6 of the Dungeon)
  6268 | D:6      | Found a runed translucent door.
  6393 | D:6      | Found an iron altar of Okawaru.
  6633 | D:7      | Found a sparkling altar of Nemelex Xobeh.
  6977 | D:7      | Found a staircase to the Ecumenical Temple.
  7183 | D:7      | Found a burning altar of Makhleb.
  7187 | D:7      | Reached skill level 9 in Maces & Flails
  7633 | D:7      | Noticed Joseph
  7648 | D:7      | Killed Joseph
  7648 | D:7      | Reached XP level 9. HP: 55/72 MP: 9/9
  7851 | D:8      | Found a staircase to the Lair.
  7879 | D:8      | Reached skill level 10 in Maces & Flails
  8202 | D:8      | Found a flagged portal.
  8213 | Bailey   | Entered a bailey
  8365 | Bailey   | Reached ***** piety under Trog
  8431 | Bailey   | Noticed an orc knight
  8438 | Bailey   | Killed an orc knight
  8913 | D:8      | Found Rizeet's Gadget Shoppe.
  9444 | Lair:1   | Entered Level 1 of the Lair of Beasts
  9498 | Lair:1   | Reached skill level 11 in Maces & Flails
  9498 | Lair:1   | Gained mutation: You have a pair of horns on your head.
                  | [demonic ancestry]
  9498 | Lair:1   | Reached XP level 10. HP: 60/82 MP: 10/10
  9811 | Lair:1   | Noticed a spiny frog
  9818 | Lair:1   | Killed a spiny frog
 10519 | Lair:1   | Noticed a four-headed hydra
 10520 | Lair:1   | Noticed a black mamba
 10525 | Lair:1   | Killed a four-headed hydra
 10525 | Lair:1   | Reached skill level 12 in Maces & Flails
 10529 | Lair:1   | Killed a black mamba
 11275 | Lair:2   | Found a staircase to the Snake Pit.
 11300 | Lair:2   | Reached skill level 10 in Fighting
 11610 | Lair:2   | Noticed a black mamba
 11613 | Lair:2   | Killed a black mamba
 11616 | Snake:1  | Entered Level 1 of the Snake Pit
 11616 | Snake:1  | Noticed a naga ritualist
 11616 | Snake:1  | Noticed a black mamba
 11616 | Snake:1  | Noticed a black mamba
 11616 | Snake:1  | Noticed a black mamba
 11618 | Snake:1  | Noticed a black mamba
 11619 | Snake:1  | Noticed an anaconda
 11620 | Snake:1  | Noticed a black mamba
 11620 | Snake:1  | Killed a black mamba
 11621 | Snake:1  | Noticed a black mamba
 11623 | Snake:1  | Killed a black mamba
 11623 | Snake:1  | Reached XP level 11. HP: 64/91 MP: 11/11
 11623 | Snake:1  | Killed an anaconda
 11626 | Snake:1  | Killed a naga ritualist
 11628 | Snake:1  | HP: 6/138 [naga/+0 mace (3)]
 11628 | Snake:1  | Mangled by a black mamba

Levels and vault maps discovered:
D:1:      mrwooster_arrival_arrow, layout_loops_corners,
          chequers_serial_rivers_micro_b
D:2:      layout_basic, marbit_many_paths, first_ration, kennysheep_nondescript,
          lemuel_old_faithful
D:3:      layout_loops_cross, fedhas_altar_3, uniq_terence
D:4:      layout_basic, overflow_temple_1_default, serial_shops,
          nicolae_shop_statue_plus, uniq_natasha
D:5:      layout_rooms, grunt_gozag_statues, uniq_blork_the_orc
D:6:      lemuel_insect_pit, layout_basic, old_standard_altar,
          cheibrodos_sewer_entry_bend, hex_medium
D:7:      layout_rooms, lemuel_round_altar, nemelex_xobeh_ov_fountains_minmay,
          minmay_temple_entry_butterflies, uniq_joseph
D:8:      layout_loops_cross, david_lair_generic, enter_bailey_3, serial_shops,
          shop, kennysheep_doodads
Lair:1:   layout_cave_pods, beast_lair_carwin_3, serial_bayou_shore_b
Lair:2:   layout_loops_ring, minmay_swamp_entry_swarm,
          minmay_snake_entry_six_corridors
Snake:1:  layout_misc_corridors, serial_shops, shop, uniq_louise

Skill      XL: |  1  2  3  4  5  6  7  8  9 10 |
---------------+-------------------------------+-----
Maces & Flails | 3 4 5 6 7 9 11 12 | 12.9
Fighting       | 4 5 6 7 8 10 | 10.5
Armour         | |  1.7
Dodging        | |  1.7

Action                   |  1- 3 |  4- 6 |  7- 9 | 10-12 || total
-------------------------+-------+-------+-------+-------++-------
Melee: Mace              |   142 |   158 |    41 |       ||   341
       Headbutt          |       |    35 |    41 |    19 ||    95
       Eveningstar       |       |       |   283 |    74 ||   357
Invok: Berserk           |     1 |     2 |     7 |     2 ||    12
       Trog's Hand       |       |     4 |     6 |     1 ||    11
       Brothers in Arms  |       |       |     2 |     2 ||     4
  Use: Potion            |     1 |       |     1 |       ||     2
       Scroll            |     2 |     5 |    11 |     1 ||    19
 Stab: Sleeping          |    10 |     5 |    14 |     7 ||    36
       Distracted        |     1 |     2 |       |     2 ||     5
  Eat: Chunk             |     5 |     3 |    17 |     3 ||    28
       Ration            |       |     2 |     3 |     1 ||     6
Armor: Animal skin       |    14 |       |       |       ||    14
       Leather armour    |    17 |    20 |       |       ||    37
       Chain mail        |       |    14 |    64 |       ||    78
       Robe              |       |       |    24 |     6 ||    30
Dodge: Dodged            |   102 |    56 |   112 |    28 ||   298
Block: Shield            |       |    42 |   122 |    29 ||   193
